 Dungeon Crawl Stone Soup version 0.15-a0-2388-g9f833ab (webtiles) character file.

67 PolkaDot the Insei (level 4, 0/23 HPs)
             Began as a Vine Stalker Monk on Aug 2, 2014.
             Slain by an orc wizard
             ... wielding a +0 dagger
              (3 damage)
             ... on Level 3 of the Dungeon.
             The game lasted 00:02:39 (1774 turns).

PolkaDot the Insei (Vine Stalker Monk)              Turns: 1774, Time: 00:02:40

HP   0/23        AC  5     Str 13      XL: 4   Next: 18%
MP   0/5         EV 13     Int 10      God:
Gold 187         SH  0     Dex 18      Spells:  0 memorised,  3 levels left

rFire  . . .     SeeInvis +       - Unarmed
rCold  . . .     Clarity  .     a - +0 robe
rNeg   . . .     rCorr    .     (no shield)
rPois  .         rRot     +     r - +0 helmet
rElec  .         Spirit   +     m - +1 cloak {+Inv}
SustAb .         Warding  .     (no gloves)
rMut   .         Stasis   .     (no boots)
Gourm  .                        (no amulet)
MR     .....                    (no ring)
                                h - ring of see invisible

@: not resistant to hostile enchantments, unstealthy
A: fangs 2, regeneration 1, magic shield, antimagic bite, no device heal 3, rot
immunity
a: Evoke Invisibility


You were on level 3 of the Dungeon.
You were not hungry.

You visited 1 branch of the dungeon, and saw 3 of its levels.

You collected 187 gold pieces.

Inventory:

Armour
 a - a +0 robe (worn)
 m - a +1 cloak of darkness (worn)
 r - a +0 helmet (worn)
Comestibles
 b - 4 bread rations
 d - 2 fruits
 f - a royal jelly
 g - a meat ration
 k - a slice of pizza
 n - a beef jerky
 t - a chunk of worm flesh {@w1}
Scrolls
 c - 2 scrolls of amnesia {unknown}
 e - a scroll of recharging {unknown}
 i - a scroll of immolation {unknown}
 q - a scroll of fear {unknown}
 s - a scroll of identify {unknown}
 v - 2 scrolls of remove curse {unknown}
Jewellery
 h - a ring of see invisible (left hand)
 x - an uncursed ring of sustain abilities {unknown}
Potions
 j - a potion of invisibility {unknown}
 l - 2 potions of restore abilities {unknown}
 o - a potion of brilliance {unknown}
 p - a potion of poison {unknown}
 w - a potion of agility {unknown}
Books
 u - a book of the Warp

   Spells                             Type                      Level
   Control Teleport                   Charms/Translocation         4
   Phase Shift                        Translocation                5
   Warp Weapon                        Charms/Translocation         5
   Dispersal                          Translocation                6
   Controlled Blink                   Translocation                7
   Disjunction                        Translocation                8


   Skills:
 - Level 2.6 Fighting
 - Level 2.4 Dodging
 - Level 2.4 Stealth
 * Level 5.4 Unarmed Combat
 + Level 0.8 Evocations


You had 3 spell levels left.
You didn't know any spells.

Dungeon Overview and Level Annotations

Branches:
Dungeon (3/15)

Altars:


Innate Abilities, Weirdness & Mutations

You have extremely sharp teeth.
Your natural rate of healing is unusually fast.
When hurt, damage is shared between your health and your magic reserves.
Your bite disrupts and absorbs the magic of your enemies.
Potions and wands cannot restore your health.
You are immune to rotting.


Message History

* * * LOW HITPOINT WARNING * * *
The goblin misses you.
You miss the orc wizard. The orc wizard completely misses you.
You hit the orc wizard. You bite the orc wizard.
The orc wizard's magic leaks into the air.
You drain its magic.
You feel invigorated.
The orc wizard is heavily wounded.
The goblin hits you but does no damage.
The orc wizard hits you but does no damage.
You hit the orc wizard. Your bite misses the orc wizard.
The orc wizard is heavily wounded.
The goblin closely misses you.
The orc wizard gestures at you while chanting.
You resist.
You hit the orc wizard. Your punch misses the orc wizard.
Your bite misses the orc wizard.
The orc wizard is almost dead.
The goblin misses you. The orc wizard hits you with a dagger.
* * * LOW MAGIC WARNING * * *
You die...

#.#########.
#.....<.....
#..########.
####..# #.
.....########.
######..>.........
#
#........########.
#####.#.####.#.#
#......
#...%.o@...#.#.#
#......
#.###..g###..#.#
#......
#...'....#.#
#......
#...###..#.#
#.[.... #####
#..#.###......
#..#..........
#g.###########
.... ..##


You could see an orc wizard and a goblin.

Vanquished Creatures
  An adder (D:2)
  2 worms (D:3)
  A giant gecko (D:1)
  3 orcs (D:3)
  5 bats
  3 giant cockroaches (D:2)
  7 goblins
  5 hobgoblins
  6 kobolds
  A quokka (D:2)
  A giant newt (D:1)
  12 rats
47 creatures vanquished.

Notes
Turn   | Place    | Note
--------------------------------------------------------------
     0 | D:1      | PolkaDot, the Vine Stalker Monk, began the quest for the Orb.
     0 | D:1      | Reached XP level 1. HP: 11/11 MP: 1/1
   185 | D:1      | Reached XP level 2. HP: 13/16 MP: 3/3
   696 | D:1      | Reached XP level 3. HP: 19/19 MP: 4/4
   771 | D:2      | Reached skill level 5 in Unarmed Combat
  1598 | D:3      | Reached XP level 4. HP: 9/23 MP: 3/5
  1774 | D:3      | Slain by an orc wizard

Action                   |  1- 3 |  4- 6 || total
-------------------------+-------+-------++-------
Melee: Unarmed           |    92 |    12 ||   104
 Stab: Sleeping          |     6 |       ||     6
  Eat: Chunk             |     2 |     1 ||     3
